MID
GREAT LAKES LOONS @ CEDAR RAPIDS KERNELS
07/25/2099
 
TOP OF THE 1ST
Great Lakes Loons batting - Pitching for Cedar Rapids Kernels : RHP Matt Melland
Pitching: RHP Matt Melland
Batting: RHB Bryan Chambers 0-0: Foul Ball, location: 9LMF
0-1: Swinging Strike
0-2: Strikes out looking
Batting: RHB Austin Vargas 0-0: Called Strike
0-1: Ball
1-1: SOLO HOME RUN (Flyball, 7D, EV 100.6 MPH), Distance : 380 ft
Batting: SHB Tony Naranjo 0-0: Called Strike
0-1: Ball
1-1: Called Strike
1-2: Ball
2-2: Ball
3-2: Foul Ball, location: 2F
3-2: SINGLE (Flyball, 34D, EV 95.0 MPH)
Batting: SHB Mark Henning 0-0: Ball
1-0: Ground out 4-3 (Groundball, 34S, EV 83.1 MPH)
Tony Naranjo to second
Batting: RHB Chris Holmes 0-0: Called Strike
0-1: Ball
1-1: Fly out, F4 (Popup, 4S, EV 60.6 MPH)
Top of the 1st over - 1 run, 2 hits, 0 errors, 1 left on base; Great Lakes 1 - Cedar Rapids 0
BOTTOM OF THE 1ST
Cedar Rapids Kernels batting - Pitching for Great Lakes Loons : RHP Brian Williams
Pitching: RHP Brian Williams
Batting: RHB Francisco Villanueva 0-0: DOUBLE (Line Drive, 7LS, EV 97.5 MPH)
Batting: RHB Kevin Bell 0-0: Ball
1-0: Foul Ball, location: 23F
1-1: Ball
2-1: Foul Ball, location: 5FF
2-2: Fly out, F9 (Line Drive, 9LS, EV 96.9 MPH)
Batting: LHB Chris Ray 0-0: Ball
1-0: Called Strike
Francisco Villanueva steals 3rd base
1-1: Fly out, F9 (Flyball, 9S, EV 90.6 MPH)
Batting: RHB Ken Vinson 0-0: Ball
1-0: Ball
2-0: Called Strike
2-1: Called Strike
2-2: Ball
3-2: Strikes out swinging
Bottom of the 1st over - 0 runs, 1 hit, 0 errors, 1 left on base; Great Lakes 1 - Cedar Rapids 0
TOP OF THE 2ND
Great Lakes Loons batting - Pitching for Cedar Rapids Kernels : RHP Matt Melland
Batting: SHB Jason Phillips 0-0: Ball
1-0: Fly out, F7 (Flyball, 7D, EV 110.0 MPH)
Batting: RHB Trent Shere 0-0: Called Strike
0-1: Swinging Strike
0-2: Strikes out looking
Batting: RHB Rich Saez 0-0: Ball
1-0: Foul Ball, location: 2F
1-1: Foul Ball, location: 2F
1-2: Strikes out swinging
Top of the 2nd over - 0 runs, 0 hits, 0 errors, 0 left on base; Great Lakes 1 - Cedar Rapids 0
BOTTOM OF THE 2ND
Cedar Rapids Kernels batting - Pitching for Great Lakes Loons : RHP Brian Williams
Batting: SHB Armando Ortiz 0-0: Called Strike
0-1: Swinging Strike
0-2: Ball
1-2: Ball
2-2: SINGLE (Line Drive, 56D, EV 101.3 MPH)
Batting: LHB Mike Contreras 0-0: Ball
1-0: Foul Ball, location: 2F
1-1: Foul Ball, location: 2F
1-2: Ball
2-2: Foul Ball, location: 5F
2-2: Grounds into double play, 5-4-3 (Groundball, 5L, EV 101.3 MPH)
Batting: RHB Jesus Barillas 0-0: Ball
1-0: Ball
2-0: Called Strike
2-1: Ball
3-1: Called Strike
3-2: Foul Ball, location: 9LDF
3-2: Strikes out swinging
Bottom of the 2nd over - 0 runs, 1 hit, 0 errors, 0 left on base; Great Lakes 1 - Cedar Rapids 0
TOP OF THE 3RD
Great Lakes Loons batting - Pitching for Cedar Rapids Kernels : RHP Matt Melland
Batting: LHB Russ Hailer 0-0: Foul Ball, location: 2F
0-1: Swinging Strike
0-2: Ball
1-2: Ball
2-2: Strikes out swinging
Batting: RHB Bryan Chambers 0-0: Called Strike
0-1: Foul Ball, location: 9LMF
0-2: Ball
1-2: Ball
2-2: Ball
3-2: Strikes out swinging
Batting: RHB Austin Vargas 0-0: SINGLE (Line Drive, 7LS, EV 85.6 MPH)
Batting: SHB Tony Naranjo 0-0: Foul Ball, location: 2F
0-1: DOUBLE (Line Drive, 7LS, EV 109.4 MPH)
Austin Vargas to third
Batting: SHB Mark Henning 0-0: Called Strike
0-1: Ball
1-1: TRIPLE (Flyball, 78XD, EV 110.6 MPH)
Austin Vargas scores
Tony Naranjo scores
Batting: RHB Chris Holmes 0-0: Foul Ball, location: 25F
0-1: Fly out, F9 (Flyball, 9D, EV 106.3 MPH)
Top of the 3rd over - 2 runs, 3 hits, 0 errors, 1 left on base; Great Lakes 3 - Cedar Rapids 0
BOTTOM OF THE 3RD
Cedar Rapids Kernels batting - Pitching for Great Lakes Loons : RHP Brian Williams
Batting: RHB Bryan Ruiz 0-0: Ball
1-0: Called Strike
1-1: SINGLE (Groundball, 4MD, EV 105.6 MPH)
Batting: SHB Tony Ortiz 0-0: Ball
1-0: Swinging Strike
1-1: Swinging Strike
1-2: Ball
2-2: Strikes out swinging
Batting: RHB Francisco Villanueva 0-0: Ball
1-0: Ball
2-0: Foul Ball, location: 2F
2-1: Ball
3-1: Foul Ball, location: 2F
3-2: Base on Balls
Bryan Ruiz to second
Batting: RHB Kevin Bell 0-0: Foul Ball, location: 2F
0-1: Fly out, F7 (Flyball, 7LM, EV 86.3 MPH)
Batting: LHB Chris Ray 0-0: Called Strike
0-1: Foul Ball, location: 3F
0-2: Strikes out swinging
Bottom of the 3rd over - 0 runs, 1 hit, 0 errors, 2 left on base; Great Lakes 3 - Cedar Rapids 0
TOP OF THE 4TH
Great Lakes Loons batting - Pitching for Cedar Rapids Kernels : RHP Matt Melland
Batting: SHB Jason Phillips 0-0: Called Strike
0-1: Called Strike
0-2: Foul Ball, location: 2LF
0-2: Strikes out swinging
Batting: RHB Trent Shere 0-0: Ball
1-0: Ball
2-0: Ball
3-0: Called Strike
3-1: Base on Balls
Batting: RHB Rich Saez 0-0: Ball
1-0: Called Strike
1-1: Ball
2-1: SINGLE (Line Drive, 7S, EV 105.6 MPH)
Trent Shere to second
Batting: LHB Russ Hailer 0-0: Called Strike
0-1: Ball
1-1: Swinging Strike
1-2: Ball
2-2: Foul Ball, location: 23F
2-2: Strikes out swinging
Batting: RHB Bryan Chambers 0-0: Swinging Strike
0-1: Foul Ball, location: 2F
0-2: Ball
1-2: SINGLE (Groundball, 4MD, EV 104.4 MPH)
Trent Shere to third
Rich Saez to second
Runner from 3rd tries for Home, SAFE, throw by CF to home
Batting: RHB Austin Vargas 0-0: Called Strike
0-1: Swinging Strike
0-2: Ball
1-2: Strikes out swinging
Top of the 4th over - 1 run, 2 hits, 0 errors, 2 left on base; Great Lakes 4 - Cedar Rapids 0
BOTTOM OF THE 4TH
Cedar Rapids Kernels batting - Pitching for Great Lakes Loons : RHP Brian Williams
Batting: RHB Ken Vinson 0-0: Ball
1-0: Ball
2-0: Called Strike
2-1: Ball
3-1: Base on Balls
Batting: SHB Armando Ortiz 0-0: Ball
1-0: Called Strike
Pickoff Throw by Catcher to First - Out!
1-1: Called Strike
1-2: Strikes out swinging
Batting: LHB Mike Contreras 0-0: Foul Ball, location: 23F
0-1: Ground out 4-3 (Groundball, 34, EV 101.9 MPH)
Bottom of the 4th over - 0 runs, 0 hits, 0 errors, 0 left on base; Great Lakes 4 - Cedar Rapids 0
TOP OF THE 5TH
Great Lakes Loons batting - Pitching for Cedar Rapids Kernels : RHP Matt Melland
Batting: SHB Tony Naranjo 0-0: Ball
1-0: Ball
2-0: Called Strike
2-1: Swinging Strike
2-2: Ground out 4-3 (Groundball, 4, EV 103.8 MPH)
Batting: SHB Mark Henning 0-0: Foul Ball, location: 5F
0-1: Foul Ball, location: 2F
0-2: Ball
1-2: Strikes out swinging
Batting: RHB Chris Holmes 0-0: Ball
1-0: Called Strike
1-1: Called Strike
1-2: Ball
2-2: Foul Ball, location: 2F
2-2: Ball
3-2: Foul Ball, location: 2F
3-2: Fly out, F2 (Popup, 13S, EV 87.5 MPH)
Top of the 5th over - 0 runs, 0 hits, 0 errors, 0 left on base; Great Lakes 4 - Cedar Rapids 0
BOTTOM OF THE 5TH
Cedar Rapids Kernels batting - Pitching for Great Lakes Loons : RHP Brian Williams
Batting: RHB Jesus Barillas 0-0: Called Strike
0-1: Fly out, F8 (Line Drive, 8RD, EV 94.4 MPH)
Batting: RHB Bryan Ruiz 0-0: Called Strike
0-1: Ball
1-1: Ball
2-1: Called Strike
2-2: Foul Ball, location: 9LMF
2-2: Ball
3-2: Ground out 5-3 (Groundball, 56, EV 103.1 MPH)
Batting: SHB Tony Ortiz 0-0: Ball
1-0: Foul Ball, location: 3F
1-1: Called Strike
1-2: Ball
2-2: Ball
3-2: Foul Ball, location: 23F
3-2: Foul Ball, location: 23F
3-2: Foul Ball, location: 3FF
3-2: Fly out, F7 (Flyball, 7LD, EV 107.5 MPH)
Bottom of the 5th over - 0 runs, 0 hits, 0 errors, 0 left on base; Great Lakes 4 - Cedar Rapids 0
TOP OF THE 6TH
Great Lakes Loons batting - Pitching for Cedar Rapids Kernels : RHP Matt Melland
Batting: SHB Jason Phillips 0-0: Ball
1-0: SINGLE (Groundball, 6MS, EV 83.1 MPH) (infield hit)
Batting: RHB Trent Shere 0-0: Called Strike
0-1: DOUBLE (Groundball, 5L, EV 106.3 MPH)
Jason Phillips to third
Runner from 3rd tries for Home, SAFE, throw by LF to home
Pitching: RHP David Perez
Batting: RHB Rich Saez 0-0: Foul Ball, location: 2F
0-1: Foul Ball, location: 3FF
0-2: Foul Ball, location: 3SF
0-2: Ball
1-2: Ball
2-2: Foul Ball, location: 9LDF
2-2: Ball
3-2: Ground out 6-3 (Groundball, 56, EV 86.9 MPH)
Batting: LHB Russ Hailer 0-0: Foul Ball, location: 7LSF
0-1: Ball
1-1: Swinging Strike
1-2: Ball
2-2: Ground out 4-3 (Groundball, 34, EV 85.6 MPH)
Trent Shere to third
Batting: RHB Bryan Chambers 0-0: Ball
1-0: Foul Ball, location: 2F
1-1: Fly out, F9 (Flyball, 89M, EV 85.0 MPH)
Top of the 6th over - 1 run, 2 hits, 0 errors, 1 left on base; Great Lakes 5 - Cedar Rapids 0
BOTTOM OF THE 6TH
Cedar Rapids Kernels batting - Pitching for Great Lakes Loons : RHP Brian Williams
Batting: RHB Francisco Villanueva 0-0: Called Strike
0-1: Ball
1-1: Swinging Strike
1-2: Ball
2-2: Foul Ball, location: 2F
2-2: Ball
3-2: Foul Ball, location: 2F
3-2: Ground out 6-3 (Groundball, 6, EV 90.0 MPH)
Batting: RHB Kevin Bell 0-0: Called Strike
0-1: Ball
1-1: Fly out, F6 (Popup, P, EV 89.4 MPH)
Batting: LHB Chris Ray 0-0: Called Strike
0-1: Fly out, F9 (Line Drive, 9, EV 111.3 MPH)
Bottom of the 6th over - 0 runs, 0 hits, 0 errors, 0 left on base; Great Lakes 5 - Cedar Rapids 0
TOP OF THE 7TH
Great Lakes Loons batting - Pitching for Cedar Rapids Kernels : RHP David Perez
Batting: RHB Austin Vargas 0-0: Called Strike
0-1: Ball
1-1: Ball
2-1: Ball
3-1: Foul Ball, location: 2F
3-2: Base on Balls
Pitching: RHP Press Kitchen
Batting: SHB Tony Naranjo 0-0: Ball
1-0: Called Strike
Austin Vargas steals 2nd base
1-1: Foul Ball, location: 23FF
1-2: Foul Ball, location: 7LSF
1-2: Ground out U3 (Groundball, 3S, EV 89.4 MPH)
Austin Vargas to third
Batting: SHB Mark Henning 0-0: Called Strike
0-1: Called Strike
0-2: Ball
1-2: Ball
2-2: Ball
3-2: Foul Ball, location: 2F
3-2: Foul Ball, location: 2F
3-2: Foul Ball, location: 2F
3-2: Foul Ball, location: 25FF
3-2: Base on Balls
Batting: RHB Chris Holmes 0-0: Called Strike
Mark Henning steals 2nd base
0-1: Ball
1-1: Ball
2-1: Foul Ball, location: 2F
2-2: Ground out U3 (Groundball, 34S, EV 81.3 MPH)
Austin Vargas scores
Mark Henning to third
Pitching: RHP Alfredo Perez
Batting: SHB Jason Phillips 0-0: Ball
1-0: Called Strike
1-1: Called Strike
1-2: SINGLE (Flyball, 4D, EV 90.0 MPH)
Mark Henning scores
Batting: RHB Trent Shere 0-0: Ball
1-0: Called Strike
1-1: Foul Ball, location: 5DF
1-2: Ball
2-2: Strikes out swinging
Top of the 7th over - 2 runs, 1 hit, 0 errors, 1 left on base; Great Lakes 7 - Cedar Rapids 0
BOTTOM OF THE 7TH
Cedar Rapids Kernels batting - Pitching for Great Lakes Loons : RHP Brian Williams
Batting: RHB Ken Vinson 0-0: Ball
1-0: Called Strike
1-1: Foul Ball, location: 2F
1-2: Ball
2-2: Foul Ball, location: 25F
2-2: Ground out 4-3 (Groundball, 4S, EV 90.6 MPH)
Batting: SHB Armando Ortiz 0-0: Ground out 4-3 (Groundball, 34, EV 78.8 MPH)
Batting: LHB Mike Contreras 0-0: Ground out 6-3 (Groundball, 6, EV 82.5 MPH)
Bottom of the 7th over - 0 runs, 0 hits, 0 errors, 0 left on base; Great Lakes 7 - Cedar Rapids 0
TOP OF THE 8TH
Great Lakes Loons batting - Pitching for Cedar Rapids Kernels : RHP Alfredo Perez
Batting: RHB Rich Saez 0-0: Called Strike
0-1: Called Strike
0-2: Strikes out looking
Batting: LHB Russ Hailer 0-0: Ball
1-0: Foul Ball, location: 2F
1-1: Swinging Strike
1-2: Ball
2-2: Foul Ball, location: 2F
2-2: Ball
3-2: Strikes out swinging
Batting: RHB Bryan Chambers 0-0: Ball
1-0: Foul Ball, location: 23F
1-1: Ball
2-1: Swinging Strike
2-2: Foul Ball, location: 2F
2-2: Foul Ball, location: 3FF
2-2: Ball
3-2: Fly out, F2 (Popup, 13S, EV 84.4 MPH)
Top of the 8th over - 0 runs, 0 hits, 0 errors, 0 left on base; Great Lakes 7 - Cedar Rapids 0
BOTTOM OF THE 8TH
Cedar Rapids Kernels batting - Pitching for Great Lakes Loons : RHP Brian Williams
Batting: RHB Jesus Barillas 0-0: Called Strike
0-1: Swinging Strike
0-2: Ball
1-2: Ball
2-2: Ball
3-2: Strikes out swinging
Batting: RHB Bryan Ruiz 0-0: SINGLE (Groundball, 56, EV 101.9 MPH)
Batting: SHB Tony Ortiz 0-0: Foul Ball, location: 3DF
0-1: Fly out, F6 (Line Drive, 6M, EV 75.6 MPH)
Batting: RHB Francisco Villanueva 0-0: Called Strike
0-1: Ground out 4-3 (Groundball, 4MS, EV 74.4 MPH)
Bottom of the 8th over - 0 runs, 1 hit, 0 errors, 1 left on base; Great Lakes 7 - Cedar Rapids 0
TOP OF THE 9TH
Great Lakes Loons batting - Pitching for Cedar Rapids Kernels : RHP Alfredo Perez
Pitching: RHP Lance Thomas
Pinch Hitting: RHB Alex Villalpando 0-0: Foul Ball, location: 9LSF
0-1: Foul Ball, location: 3SF
0-2: Strikes out swinging
Batting: SHB Tony Naranjo 0-0: Swinging Strike
0-1: Foul Ball, location: 7LMF
0-2: Strikes out swinging
Batting: SHB Mark Henning 0-0: Fly out, F8 (Line Drive, 8RS, EV 111.3 MPH)
Top of the 9th over - 0 runs, 0 hits, 0 errors, 0 left on base; Great Lakes 7 - Cedar Rapids 0
BOTTOM OF THE 9TH
Cedar Rapids Kernels batting - Pitching for Great Lakes Loons : RHP Brian Williams
Pitching: LHP Gregorio Lopez
Now in LF: Alex Villalpando
Batting: RHB Kevin Bell 0-0: Called Strike
0-1: Swinging Strike
0-2: Ball
1-2: Strikes out swinging
Pinch Hitting: LHB Santiago Ramirez 0-0: Fly out, F8 (Flyball, 8LS, EV 78.8 MPH)
Batting: RHB Ken Vinson 0-0: Ball
1-0: Ball
2-0: Called Strike
2-1: Fly out, F4 (Flyball, 4D, EV 84.4 MPH)
Bottom of the 9th over - 0 runs, 0 hits, 0 errors, 0 left on base; Great Lakes 7 - Cedar Rapids 0
Sunday, May 12th , 2024 - OOTP Baseball 24.11 Build 85